 Dungeon Sprint DCSS version 0.24-a0-509-ga1643a6 (webtiles) character file.

Game seed: 14392594225798458615

80 silentkaos13 the Covert (level 4, -3/28 HPs)
             Began as a Kobold Assassin on July 19, 2019.
             Was a Follower of Dithmenos.
             Slain by a red ugly thing (5 damage)
             ... in the Dungeon (Sprint V: "Ziggurat Sprint").
             The game lasted 00:03:50 (108 turns).

silentkaos13 the Covert (Kobold Assassin)            Turns: 108, Time: 00:03:51

Health: -3/28      AC: 16    Str:  9    XL:     4   Next: 65%
Magic:  4/4        EV:  6    Int: 12    God:    Dithmenos [*.....]
Gold:   0          SH:  0    Dex: 16    Spells: 3/3 levels left

rFire    . . .     SeeInvis .   m - +5 quick blade
rCold    . . .     Gourm    .   (shield restricted)
rNeg     . . .     Faith    .   M - +5 shadow dragon scales
rPois    .         Spirit   .   (no helmet)
rElec    .         Reflect  .   c - +0 cloak
rCorr    .         Harm     .   (no gloves)
MR       .....     NoTele   +   (no boots)
Stlth    +++++++...             (no amulet)
HPRegen  0.09/turn              (no ring)
MPRegen  0.09/turn              (no ring)

@: wreathed by umbra
A: small, carnivore
a: Renounce Religion


You were in the Dungeon.
You worshipped Dithmenos.
Dithmenos was aware of your devotion.
You were not hungry.

You visited 1 branch

Inventory:

Hand Weapons
 a - a +2 dagger
 m - a +5 quick blade (weapon)
 n - a +5 rapier
 o - the +9 sword of Zonguldrok {reap}
   (You found it in the Dungeon)

   If a monster killed with it leaves a corpse in good enough shape, the corpse
   will be animated as a zombie friendly to the killer.
Missiles
 d - 8 poisoned darts (quivered)
 e - 2 curare-tipped darts
Armour
 b - a +0 robe
 c - a +0 cloak (worn)
 M - +5 shadow dragon scales (worn)
Jewellery
 p - an uncursed ring of flight
 q - a +6 ring of dexterity
 r - a +6 ring of dexterity
 s - a +6 ring of intelligence
 t - a +6 ring of intelligence
 u - a +6 ring of strength
 v - a +6 ring of strength
Wands
 x - a wand of disintegration (7)
 y - a wand of iceblast (7)
 z - a wand of acid (7)
Scrolls
 l - 4 scrolls of blinking
 G - 4 scrolls of amnesia
 H - 7 scrolls of fog
 I - a scroll of holy word
 J - 5 scrolls of identify
 K - 5 scrolls of remove curse
 L - 2 scrolls of fear
Potions
 g - 10 potions of curing
 h - 10 potions of heal wounds
 i - 6 potions of haste
 j - 7 potions of magic
 k - 3 potions of berserk rage
 A - 2 potions of brilliance
 B - 2 potions of invisibility
 C - 4 potions of resistance
 D - a potion of experience
 E - 5 potions of agility
 F - 5 potions of might
Miscellaneous
 w - a lightning rod (4/4)
Comestibles
 f - 7 rations


   Skills:
 + Level 3.3 Fighting
 + Level 4.0 Short Blades
 - Level 3.1 Throwing
 + Level 0.1 Armour
 + Level 1.6 Dodging
 + Level 11.3 Stealth


You had 3 spell levels left.
You didn't know any spells.
Your spell library was empty.

Dungeon Overview and Level Annotations

Branches:
Dungeon (1/1)

Altars:
Ashenzari
Cheibriados
Dithmenos
Elyvilon
Fedhas
Gozag
Hepliaklqana
Kikubaaqudgha
Makhleb
Nemelex Xobeh
Okawaru
Qazlal
Ru
Sif Muna
Trog
Uskayaw
Vehumet
Wu Jian
Xom
Yredelemnul
Zin
The Shining One
Beogh
Jiyva
Lugonu

Annotations:
D 1 transporter


Innate Abilities, Weirdness & Mutations

You are small and have problems with some larger weapons.
You are carnivorous and can eat meat at any time.


Message History

4 ugly things come into view.
Found four items.
Found a transporter.
Press: ? - help, v - describe, . - travel A transporter landing site.
This square is wreathed by an umbra.
The red ugly thing closely misses you. The red ugly thing bites you!
You are engulfed in flames!
Ouch! That really hurt!
* * * LOW HITPOINT WARNING * * *
The red ugly thing bites you but does no damage.
The helpless purple ugly thing fails to defend itself.
You perforate the purple ugly thing like a sieve!!!
The purple ugly thing is almost dead.
The purple ugly thing punches you but does no damage.
The brown ugly thing gurgles horribly!
You hit the purple ugly thing.
The purple ugly thing is almost dead.
The cyan ugly thing gurgles horribly!
The red ugly thing bites you.
You die...

▓▓▓▓▓▓▓▓▓▓▓▓▓▓▓▓▓▓▓
▓.8©8.▓.8©8.▓.8©8.▓
▓.uuu.▓.))).▓.....▓
▓.@[..▓.....▓.).).▓
▓.u...▓.....▓.....▓
▓.....▓.....▓.....▓
▓.....▓.....▓..©..▓
▓..©..▓..©..▓▓▓▓▓▓▓
▓▓▓▓▓▓▓▓▓▓▓▓▓


You could see 4 ugly things.

Vanquished Creatures
  An orc priest (D)
  2 orc wizards (D)
  2 orcs (D)
5 creatures vanquished.

Vanquished Creatures (others)
  A spatial maelstrom (D)
1 creature vanquished.

Grand Total: 6 creatures vanquished

Notes
Turn   | Place    | Note
-------+----------+-------------------------------------------
     0 | D        | Found the +6 Majin-Bo {vamp, Archmagi MP+6 Int+6}
     0 | D        | Found the +7 great mace "Firestarter" {inner flame, rF++}
     0 | D        | silentkaos13 the Kobold Assassin began the quest for the
                  | Orb.
     0 | D        | Reached XP level 1. HP: 12/12 MP: 1/1
     2 | D        | Found a blossoming altar of Fedhas.
     3 | D        | Found a viscous altar of Jiyva.
     3 | D        | Found a hazy altar of Hepliaklqana.
     3 | D        | Found a transporter.
     3 | D        | Found an opulent altar of Gozag.
     3 | D        | Found an ancient bone altar of Kikubaaqudgha.
     3 | D        | Found a corrupted altar of Lugonu.
    13 | D        | Found a burning altar of Makhleb.
    14 | D        | Found an iron altar of Okawaru.
    14 | D        | Found a stormy altar of Qazlal.
    14 | D        | Found a sparkling altar of Nemelex Xobeh.
    14 | D        | Found a sacrificial altar of Ru.
    14 | D        | Found a deep blue altar of Sif Muna.
    18 | D        | Found the +9 heavy crossbow "Sniper" {velocity, Acc+∞ SInv}
    18 | D        | Found the +10 dark maul {crush}
    18 | D        | Found the +15 Maxwell's patent armour {-Cast -Tele rElec
                  | MR+ rCorr}
    18 | D        | Found the +18 shield of the Gong {rElec rN+ MR+ EV-5}
    18 | D        | Found the cursed +14 obsidian axe {chop, +Fly SInv *Curse}
    19 | D        | Found the +6 shillelagh "Devastator" {shatter}
    19 | D        | Found the +11 plutonium sword {*Contam Stlth-}
    19 | D        | Found the +8 lance "Wyrmbane" {slay drac, rPois rF+ rC+
                  | AC+3}
    19 | D        | Found the +9 sword of Zonguldrok {reap}
    19 | D        | Found the cursed +13 scythe of Curses {drain, *Curse}
    19 | D        | Found the +0 sword of Power
    19 | D        | Found the +7 mace of Variability {chain chaos}
    19 | D        | Found the +7 Singing Sword {slice, sonic wave}
    19 | D        | Found the +8 storm bow {elec, penet}
    22 | D        | Found a bloodstained altar of Trog.
    27 | D        | Banished a spatial maelstrom
    73 | D        | Became a worshipper of Dithmenos the Shadowed
    82 | D        | Entered arena 2.
    82 | D        | Noticed an orc wizard
    82 | D        | Noticed an orc priest
    82 | D        | Found a transporter.
    85 | D        | Killed an orc priest
    85 | D        | Reached skill level 9 in Stealth
    85 | D        | Reached XP level 2. HP: 18/18 MP: 2/2
    85 | D        | Reached XP level 3. HP: 22/22 MP: 3/3
    86 | D        | Reached skill level 10 in Stealth
    86 | D        | Reached XP level 4. HP: 28/28 MP: 4/4
    92 | D        | Entered arena 3.
    92 | D        | Found a transporter.
    97 | D        | Reached * piety under Dithmenos
    97 | D        | Reached skill level 11 in Stealth
   102 | D        | Entered arena 4.
   102 | D        | Noticed a purple ugly thing
   102 | D        | Noticed a brown ugly thing
   102 | D        | Noticed a cyan ugly thing
   102 | D        | Noticed a red ugly thing
   102 | D        | Found a transporter.
   108 | D        | Slain by a red ugly thing

Levels and vault maps discovered:
D:        sprint_v [room_start, room_1, room_2, room_3, room_4, room_5, room_6,
          room_7, room_8, room_9, room_10, room_11, room_12, room_13, room_14,
          room_15, room_16, room_17, room_18, room_19, room_20, room_21,
          room_22, room_23, room_24, room_25, room_26, room_27]

Skill      XL: |  1  2  3  4 |
---------------+-------------+-----
Short Blades   | 3 4 |  4.0
Stealth        | 9 10 11 | 11.3
Fighting       | 3 |  3.3
Throwing       | 3 |  3.1
Armour         | |  0.1
Dodging        | |  1.6

Action                   |  1- 3 |  4- 6 || total
-------------------------+-------+-------++-------
Melee: Quick blade       |     2 |     5 ||     7
 Stab: Sleeping          |     2 |     4 ||     6
Armor: Shadow dragon sca |       |     2 ||     2
Dodge: Dodged            |       |     1 ||     1

Table legend:
 A = Non-vault XP
 B = Vault XP
 C = Vault XP percentage of total XP
 D = Non-vault monster count
 E = Vault monster count
 F = Vault count percentage of total count
                 A         B        C        D         E       F
            +---------+---------+-------+---------+---------+-------
      Total |       0 |     115 | 100.0 |       0 |       5 | 100.0
            +---------+---------+-------+---------+---------+-------
          D |       0 |     115 | 100.0 |       0 |       5 | 100.0
            +---------+---------+-------+---------+---------+-------
